 Dungeon Crawl Stone Soup version 0.29-a0-553-g81b289dbe5 (webtiles) character file.

Game seed: 10617658384149896181

163 Hubjo the Insei (level 5, -2/40 HPs)
             Began as a Demonspawn Transmuter on June 6, 2022.
             Was a Priest of Jiyva.
             Slain by an orc
             ... wielding a +0 short sword
              (5 damage)
             ... on level 4 of the Dungeon.
             The game lasted 00:04:16 (2280 turns).

Hubjo the Insei (Demonspawn Transmuter)             Turns: 2280, Time: 00:04:16

Health: -2/40      AC:  2    Str: 10    XL:     5   Next: 20%
Magic:  8/8        EV: 12    Int: 15    God:    Jiyva [***...]
Gold:   102        SH:  0    Dex: 15    Spells: 4/9 levels left

rFire   . . .      SeeInvis .     - Unarmed
rCold   . . .      Faith    .   (no shield)
rNeg    . . .      Spirit   .   a - +0 robe
rPois   .          Reflect  .   (helmet currently unavailable)
rElec   .          Harm     .   (no cloak)
rCorr   +          Rampage  .   (no gloves)
Will    .....                   (boots currently unavailable)
Stlth   +.........              (no amulet)
HPRegen 1.25/turn               (no ring)
MPRegen 0.46/turn               (no ring)

@: confused, brilliant, appendages (expiring), ambrosia-drunk, attractive
A: talons 2, antennae 1
a: End Transformation, Renounce Religion, Oozemancy


You were on level 4 of the Dungeon.
You worshipped Jiyva.
Jiyva was most pleased with you.
You had temporarily grown beastly talons.
You visited 1 branch of the dungeon, and saw 4 of its levels.

You collected 102 gold pieces.

Inventory:

Armour
 a - a +0 robe (worn)
Wands
 f - a wand of iceblast (10)
 l - a wand of flame (10)
Scrolls
 h - a scroll of torment
 i - a scroll of amnesia
Potions
 j - a potion of brilliance
 k - a potion of magic {unknown}


   Skills:
 + Level 2.8 Fighting
 - Level 1.7 Dodging
 + Level 1.7 Stealth
 + Level 3.2 Unarmed Combat
 + Level 2.5 Spellcasting
 * Level 2.7 Transmutations
 + Level 0.6 Ice Magic


You had 4 spell levels left.
You knew the following spells:

 Your Spells              Type           Power      Damage    Failure   Level
a - Beastly Appendage     Tmut           30%        N/A       7%          1
b - Ice Form              Ice/Tmut       10%        N/A       71%         4

Your spell library contained the following spells:

 Spells                   Type           Power      Damage    Failure   Level
 Wereblood                Tmut           15%        N/A       11%         2
 Spider Form              Tmut/Pois      9%         N/A       34%         3


Dungeon Overview and Level Annotations

Branches:
Dungeon (4/15)
 Temple: D:4-7

Altars:
Qazlal
Jiyva


Innate Abilities, Weirdness & Mutations

You have temporarily grown beastly talons.
You have a pair of small antennae on your head.


Message History

The orc misses you.
The orc priest hits you with a +0 flail!
The orc hits you with a +0 short sword.
You hit the orc priest but do no damage.
The orc priest is severely wounded.
The orc misses you.
The orc priest hits you with a +0 flail!
The orc hits you with a +0 short sword.
* * * LOW HITPOINT WARNING * * *
You are too injured to fight recklessly!
You are too injured to fight recklessly!
You are too injured to fight recklessly!
You are too injured to fight recklessly!
You barely miss the orc priest. Your kick misses the orc priest.
The orc priest is severely wounded.
The orc hits you with a +0 hand axe.
* * * LOW HITPOINT WARNING * * *
The orc priest casts a cantrip, but nothing happens.
The orc closely misses you.
Jiyva says: Divide and consume!
It was a potion of brilliance.
You feel clever all of a sudden. The orc closely misses you.
The orc hits you but does no damage.
The orc priest hits you with a +0 flail!
* * * LOW HITPOINT WARNING * * *
It was a potion of ambrosia.
You are confused.
You feel invigorated.
Your transformation is almost over.
The orc hits you with a +0 hand axe.
* * * LOW HITPOINT WARNING * * *
The orc hits you with a +0 short sword.
* * * LOW HITPOINT WARNING * * *
The orc priest closely misses you.
It was a potion of attraction.
You feel attractive to monsters. The orc hits you with a +0 hand axe.
* * * LOW HITPOINT WARNING * * *
The orc hits you with a +0 short sword.
You die...

.... #.#.
...### ..... #
####.?.####.##
..[.........#
#..oo..# .#
#o@# #..# ##
##.##....# #.#
##......#
###.###.###.#>#
#....#........#
#.....##.......
#....<# .......
#.....# .##.##.
#.....# .# .#


You could see an orc priest and 2 orcs.

Vanquished Creatures
  Natasha (thrice) (D:3)
  An adder (D:2)
  4 gnolls
  A worm (D:3)
  3 dart slugs
  An orc (D:3)
  An endoplasm (D:1)
  A giant cockroach (D:2)
  4 goblins
  2 hobgoblins
  4 kobolds
  A quokka (D:2)
  5 ball pythons
  4 bats
  4 frilled lizards
  5 rats
44 creatures vanquished.

Vanquished Creatures (others)
  2 jellies (D:2)
  A gnoll (D:2)
  2 adders
  A worm (D:2)
  3 endoplasms
  A giant cockroach (D:3)
  A hobgoblin (D:1)
  A quokka (D:2)
  3 ball pythons
  2 bats (D:2)
17 creatures vanquished.

Grand Total: 61 creatures vanquished

Notes
Turn   | Place    | Note
-------+----------+-------------------------------------------
     0 | D:1      | Hubjo the Demonspawn Transmuter began the quest for the
                  | Orb.
     0 | D:1      | Reached XP level 1. HP: 15/15 MP: 3/3
   316 | D:1      | Noticed an eye of devastation
   318 | D:1      | Found a faded altar of an unknown god.
   320 | D:1      | Noticed an eye of devastation
   320 | D:1      | Noticed a shining eye
   320 | D:1      | Noticed a floating eye
   327 | D:1      | Lost mutation: You have a pair of horns on your head.
                  | [demonic ancestry]
   327 | D:1      | Lost mutation: You have a pair of small horns on your head.
                  | [demonic ancestry]
   327 | D:1      | Gained mutation: You have a pair of small antennae on your
                  | head. [demonic ancestry]
   327 | D:1      | Reached XP level 2. HP: 14/21 MP: 3/5
   330 | D:1      | Prayed at the altar of an unknown god.
   330 | D:1      | Became a worshipper of Jiyva Jilepsae the Shapeless
   330 | D:1      | Reached * piety under Jiyva
   470 | D:1      | Reached skill level 1 in Stealth
   470 | D:1      | Reached XP level 3. HP: 27/27 MP: 6/6
  1157 | D:2      | Reached ** piety under Jiyva
  1279 | D:2      | Reached skill level 3 in Unarmed Combat
  1346 | D:2      | Reached XP level 4. HP: 28/34 MP: 7/7
  1664 | D:2      | Learned a level 4 spell: Ice Form
  1927 | D:3      | Reached *** piety under Jiyva
  2010 | D:3      | Found a stormy altar of Qazlal.
  2038 | D:3      | Noticed Natasha
  2050 | D:3      | Killed Natasha
  2059 | D:3      | Noticed Natasha
  2066 | D:3      | Killed Natasha
  2067 | D:3      | Reached XP level 5. HP: 13/39 MP: 8/8
  2073 | D:3      | Noticed Natasha
  2124 | D:3      | Killed Natasha
  2278 | D:4      | HP: 1/40 [orc priest/+0 flail (7)]
  2280 | D:4      | Slain by an orc

Illustrated notes

Levels and vault maps discovered:
D:1:      heliophobic_arrival_glass_houses, layout_loops_cross,
          hellmonk_ecumenical_altar_watching_god
D:2:      layout_loops_cross
D:3:      layout_basic, nicolae_qazlal_eye_of_the_storm, feat_on_display,
          uniq_natasha
D:4:      layout_loops_cross, serial_shops, nicolae_take_the_stairs

Skill      XL: |  1  2  3 |
---------------+----------+-----
Transmutations | 2 |  2.7
Stealth        | 1 |  1.7
Fighting       | 2 |  2.8
Unarmed Combat | 3 |  3.2
Dodging        | |  1.7
Spellcasting   | |  2.5
Ice Magic      | |  0.6

Action                   |  1- 3 |  4- 6 || total
-------------------------+-------+-------++-------
Melee: Unarmed           |    83 |    63 ||   146
       Kick              |    24 |    13 ||    37
       Headbutt          |     3 |       ||     3
       Punch             |     5 |     2 ||     7
 Cast: Beastly Appendage |    36 |    12 ||    48
Evoke: Wand              |       |     2 ||     2
  Use: Potion            |       |     4 ||     4
       Scroll            |       |     3 ||     3
 Stab: Sleeping          |     1 |       ||     1
Armor: Robe              |    17 |     4 ||    21
       Skin              |       |    27 ||    27
Dodge: Dodged            |    57 |    35 ||    92

Table legend: (Time is in decaauts)
 A = Elapsed time spent in this place.
 B = Non-inter-level travel time spent in this place.
 C = Inter-level travel time spent in this place.
 D = Time resting spent in this place.
 E = Time spent auto-exploring this place.
 F = Levels seen in this place.
 G = Mean time per level.
                   A        B        C        D        E       F      G
               +--------+--------+--------+--------+--------+-----+--------+
         Total |   2290 |   2226 |     64 |      0 |   1813 |   4 |  572.5 |
       Dungeon |   2290 |   2226 |     64 |      0 |   1813 |   4 |  572.5 |
               +--------+--------+--------+--------+--------+-----+--------+

Top non-repeatable levels by time:
     D:1: 952 daAuts
     D:2: 706 daAuts
     D:3: 613 daAuts
     D:4: 17 daAuts
